PA
SOUTH BEACH BLAZE @ GRIM REAPERS
08/08/2022
 
TOP OF THE 1ST
South Beach Blaze batting - Pitching for Grim Reapers : RHP Ramón Castaneda
Pitching: RHP Ramón Castaneda
Batting: RHB Nick Ross 0-0: Ball
1-0: Foul Ball, location: 2F
1-1: Ball
2-1: Foul Ball, location: 2F
2-2: Strikes out swinging
Batting: RHB Omar Schuler 0-0: Ball
1-0: Fly out, F4 (Popup, 4D)
Batting: RHB Marcos Reyes 0-0: Called Strike
0-1: Called Strike
0-2: Strikes out looking
Top of the 1st over - 0 run(s), 0 hit(s), 0 error(s), 0 left on base; South Beach 0 - Grim 0
BOTTOM OF THE 1ST
Grim Reapers batting - Pitching for South Beach Blaze : LHP Luis Torres
Pitching: LHP Luis Torres
Batting: RHB Alberto Rodríguez 0-0: Ball
1-0: Fly out, F4 (Popup, 34)
Batting: RHB Bill Allen 0-0: Ball
1-0: Swinging Strike
1-1: Ball
2-1: Foul Ball, location: 2F
2-2: Fly out, F8 (Flyball, 8LM)
Batting: RHB Vincent Klein 0-0: Ball
1-0: Ball
2-0: Called Strike
2-1: Called Strike
2-2: Strikes out swinging
Bottom of the 1st over - 0 run(s), 0 hit(s), 0 error(s), 0 left on base; South Beach 0 - Grim 0
TOP OF THE 2ND
South Beach Blaze batting - Pitching for Grim Reapers : RHP Ramón Castaneda
Batting: LHB Tomás Mejía 0-0: Ball
1-0: Fly out, F6 (Line Drive, 6D)
Batting: LHB Carlos Medina 0-0: Called Strike
0-1: Ground out 6-3 (Groundball, 6)
Batting: RHB León Domínguez 0-0: Called Strike
0-1: Ball
1-1: Foul Ball, location: 2F
1-2: Ball
2-2: Foul Ball, location: 2F
2-2: Ball
3-2: Foul Ball, location: 2F
3-2: Foul Ball, location: 2F
3-2: Foul Ball, location: 2F
3-2: Foul Ball, location: 2F
3-2: Ground out 6-3 (Groundball, 6)
Top of the 2nd over - 0 run(s), 0 hit(s), 0 error(s), 0 left on base; South Beach 0 - Grim 0
BOTTOM OF THE 2ND
Grim Reapers batting - Pitching for South Beach Blaze : LHP Luis Torres
Batting: LHB Davis Anderson 0-0: Called Strike
0-1: Called Strike
0-2: Ball
1-2: Ball
2-2: Strikes out looking
Batting: RHB Jorge López 0-0: Ball
1-0: Ball
2-0: Called Strike
2-1: Fly out, F7 (Line Drive, 7M)
Batting: RHB António Díaz 0-0: Called Strike
0-1: Ball
1-1: Swinging Strike
1-2: Foul Ball, location: 2F
1-2: DOUBLE (Flyball, 9D)
Batting: LHB Alberto Arredondo 0-0: Called Strike
0-1: Ball
1-1: Called Strike
1-2: Ball
2-2: Fly out, F5 (Popup, 5)
Bottom of the 2nd over - 0 run(s), 1 hit(s), 0 error(s), 1 left on base; South Beach 0 - Grim 0
TOP OF THE 3RD
South Beach Blaze batting - Pitching for Grim Reapers : RHP Ramón Castaneda
Batting: LHB Jacob Herman 0-0: Called Strike
0-1: Bunted foul
0-2: Ball
1-2: Foul Ball, location: 2F
1-2: Ground out 4-3 (Groundball, 34)
Batting: SHB Javier Gonzáles 0-0: Swinging Strike
0-1: SINGLE (Groundball, 4M)
Batting: RHB Gabriel Maldonado 0-0: Called Strike
0-1: Called Strike
0-2: Foul Ball, location: 2F
0-2: Ball
1-2: Strikes out looking
Batting: RHB Nick Ross 0-0: Ball
Javier Gonzáles steals 2nd base
1-0: Called Strike
1-1: Called Strike
1-2: Fly out, F8 (Line Drive, 8RM)
Top of the 3rd over - 0 run(s), 1 hit(s), 0 error(s), 1 left on base; South Beach 0 - Grim 0
BOTTOM OF THE 3RD
Grim Reapers batting - Pitching for South Beach Blaze : LHP Luis Torres
Batting: RHB José Osorio 0-0: Ball
1-0: Called Strike
1-1: Foul Ball, location: 2F
1-2: Fly out, F8 (Flyball, 8RM)
Batting: LHB Edgardo Díaz 0-0: Called Strike
0-1: SINGLE (Groundball, 2L) (infield hit)
Batting: RHB Alberto Rodríguez 0-0: Called Strike
0-1: Foul Ball, location: 2F
0-2: Foul Ball, location: 2F
0-2: Ball
1-2: Strikes out swinging
Batting: RHB Bill Allen 0-0: Called Strike
0-1: Foul Ball, location: 2F
0-2: Foul Ball, location: 2F
0-2: Ball
1-2: Strikes out swinging
Bottom of the 3rd over - 0 run(s), 1 hit(s), 0 error(s), 1 left on base; South Beach 0 - Grim 0
TOP OF THE 4TH
South Beach Blaze batting - Pitching for Grim Reapers : RHP Ramón Castaneda
Batting: RHB Omar Schuler 0-0: Ball
1-0: Foul Ball, location: 2F
1-1: Ball
2-1: Ball
3-1: Base on Balls
Batting: RHB Marcos Reyes 0-0: Called Strike
0-1: Ball
1-1: Ball
2-1: SINGLE (Line Drive, 89S)
Omar Schuler to second
Batting: LHB Tomás Mejía 0-0: Ball
1-0: Ball
2-0: SINGLE (Line Drive, 34D)
Omar Schuler to third
Marcos Reyes to second
Runner from 3rd tries for Home, throw and OUT!
Marcos Reyes to third
Tomás Mejía to second
Now in RF: Arnold Meurs
Batting: LHB Carlos Medina 0-0: Foul Ball, location: 2F
0-1: Ball
1-1: SINGLE (Line Drive, 78S)
Marcos Reyes scores
Tomás Mejía to third
Runner from 3rd tries for Home, throw and OUT!
Batting: RHB León Domínguez 0-0: Foul Ball, location: 2F
0-1: SINGLE (Line Drive, 9LS)
Carlos Medina to second
Runner from 2nd tries for 3rd, SAFE, throw made to third
Batting: LHB Jacob Herman 0-0: Foul Ball, location: 2F
0-1: Foul Ball, location: 2F
0-2: Ball
1-2: Foul Ball, location: 2F
1-2: Foul Ball, location: 2F
1-2: Strikes out swinging
Top of the 4th over - 1 run(s), 4 hit(s), 0 error(s), 2 left on base; South Beach 1 - Grim 0
BOTTOM OF THE 4TH
Grim Reapers batting - Pitching for South Beach Blaze : LHP Luis Torres
Batting: RHB Vincent Klein 0-0: Called Strike
0-1: Fly out, F9 (Popup, 89S)
Batting: LHB Davis Anderson 0-0: Ball
1-0: Swinging Strike
1-1: Called Strike
1-2: Foul Ball, location: 2F
1-2: Ball
2-2: Strikes out swinging
Batting: RHB Jorge López 0-0: Called Strike
0-1: Foul Ball, location: 2F
0-2: Strikes out swinging
Bottom of the 4th over - 0 run(s), 0 hit(s), 0 error(s), 0 left on base; South Beach 1 - Grim 0
TOP OF THE 5TH
South Beach Blaze batting - Pitching for Grim Reapers : RHP Ramón Castaneda
Batting: SHB Javier Gonzáles 0-0: Called Strike
0-1: Called Strike
0-2: Ball
1-2: Foul Ball, location: 2F
1-2: Foul Ball, location: 2F
1-2: Ball
2-2: Strikes out swinging
Batting: RHB Gabriel Maldonado 0-0: Foul Ball, location: 2F
0-1: Foul Ball, location: 2F
0-2: Ball
1-2: Ball
2-2: Foul Ball, location: 2F
2-2: Strikes out looking
Batting: RHB Nick Ross 0-0: Ball
1-0: Foul Ball, location: 2F
1-1: Foul Ball, location: 2F
1-2: Fly out, F9 (Popup, 34D)
Top of the 5th over - 0 run(s), 0 hit(s), 0 error(s), 0 left on base; South Beach 1 - Grim 0
BOTTOM OF THE 5TH
Grim Reapers batting - Pitching for South Beach Blaze : LHP Luis Torres
Batting: RHB António Díaz 0-0: Called Strike
0-1: Called Strike
0-2: Foul Ball, location: 2F
0-2: Ball
1-2: Foul Ball, location: 2F
1-2: Ball
2-2: Ground out 4-3 (Groundball, 4)
Batting: RHB Arnold Meurs 0-0: Ball
1-0: Ball
2-0: Foul Ball, location: 2F
2-1: Foul Ball, location: 2F
2-2: Foul Ball, location: 2F
2-2: Strikes out swinging
Batting: RHB José Osorio 0-0: Called Strike
0-1: Foul Ball, location: 2F
0-2: Ball
1-2: DOUBLE (Groundball, 3L)
Batting: LHB Edgardo Díaz 0-0: Ball
1-0: Ball
2-0: Called Strike
2-1: Called Strike
2-2: Ball
3-2: Base on Balls
Batting: RHB Alberto Rodríguez 0-0: Ball
1-0: Swinging Strike
1-1: Ball
2-1: Ball
3-1: SINGLE (Groundball, 4M)
José Osorio to third
Edgardo Díaz to second
Runner from 3rd tries for Home, SAFE, no throw or cutoff
Batting: RHB Bill Allen 0-0: Ball
1-0: Called Strike
1-1: Called Strike
1-2: Foul Ball, location: 2F
1-2: Fly out, F3 (Popup, 3SF)
Bottom of the 5th over - 1 run(s), 2 hit(s), 0 error(s), 2 left on base; South Beach 1 - Grim 1
TOP OF THE 6TH
South Beach Blaze batting - Pitching for Grim Reapers : RHP Ramón Castaneda
Batting: RHB Omar Schuler 0-0: Ball
1-0: Ball
2-0: Called Strike
2-1: Called Strike
2-2: Ball
3-2: Strikes out looking
Batting: RHB Marcos Reyes 0-0: Fly out, F9 (Flyball, 89S)
Batting: LHB Tomás Mejía 0-0: Ball
1-0: Ball
2-0: Swinging Strike
2-1: Foul Ball, location: 2F
2-2: SINGLE (Flyball, 8RS)
Batting: LHB Carlos Medina 0-0: Called Strike
0-1: Foul Ball, location: 2F
0-2: Ball
1-2: Fly out, F9 (Flyball, 9LM)
Top of the 6th over - 0 run(s), 1 hit(s), 0 error(s), 1 left on base; South Beach 1 - Grim 1
BOTTOM OF THE 6TH
Grim Reapers batting - Pitching for South Beach Blaze : LHP Luis Torres
Batting: RHB Vincent Klein 0-0: Ball
1-0: SINGLE (Groundball, 6MD)
Batting: LHB Davis Anderson 0-0: Swinging Strike
0-1: Swinging Strike
0-2: Ball
1-2: Strikes out looking
Batting: RHB Jorge López 0-0: Called Strike
0-1: Ball
1-1: Swinging Strike
1-2: Ball
2-2: Ball
3-2: Foul Ball, location: 2F
3-2: Base on Balls
Vincent Klein to second
Batting: RHB António Díaz 0-0: Ball
1-0: Ball
2-0: Foul Ball, location: 2F
2-1: Ball
3-1: Foul Ball, location: 2F
3-2: Strikes out swinging
Batting: RHB Arnold Meurs 0-0: SINGLE (Groundball, 25) (infield hit)
Vincent Klein to third
Jorge López to second
Batting: RHB José Osorio 0-0: Fly out, F8 (Line Drive, 8LM)
Bottom of the 6th over - 0 run(s), 2 hit(s), 0 error(s), 3 left on base; South Beach 1 - Grim 1
TOP OF THE 7TH
South Beach Blaze batting - Pitching for Grim Reapers : RHP Ramón Castaneda
Pinch Hitting: LHB Chad Graves 0-0: Foul Ball, location: 2F
0-1: Ball
1-1: Ball
2-1: Ball
3-1: Foul Ball, location: 2F
3-2: Fly out, F8 (Line Drive, 8LM)
Pinch Hitting: RHB Gerjan de Best 0-0: Swinging Strike
0-1: Swinging Strike
0-2: Foul Ball, location: 2F
0-2: Strikes out swinging
Batting: SHB Javier Gonzáles 0-0: Ball
1-0: Foul Ball, location: 2F
1-1: Called Strike
1-2: Ball
2-2: Ball
3-2: Fly out, F8 (Flyball, 8RM)
Top of the 7th over - 0 run(s), 0 hit(s), 0 error(s), 0 left on base; South Beach 1 - Grim 1
BOTTOM OF THE 7TH
Grim Reapers batting - Pitching for South Beach Blaze : LHP Luis Torres
Now at 3B: Chad Graves
Now at SS: Gerjan de Best
Batting: LHB Edgardo Díaz 0-0: Ground out 6-3 (Groundball, 6M)
Batting: RHB Alberto Rodríguez 0-0: Called Strike
0-1: Ball
1-1: Ball
2-1: Foul Ball, location: 2F
2-2: Fly out, F9 (Flyball, 9LM)
Pinch Hitting: RHB Víctor Hernández 0-0: Called Strike
0-1: Foul Ball, location: 2F
0-2: Ball
1-2: Ball
2-2: Foul Ball, location: 2F
2-2: Ball
3-2: Strikes out looking
Bottom of the 7th over - 0 run(s), 0 hit(s), 0 error(s), 0 left on base; South Beach 1 - Grim 1
TOP OF THE 8TH
South Beach Blaze batting - Pitching for Grim Reapers : RHP Ramón Castaneda
Pitching: LHP Henry Vandenberg
Now in RF: Víctor Hernández
Batting: RHB Gabriel Maldonado 0-0: Ball
1-0: Ground out 4-3 (Groundball, 4M)
Pinch Hitting: RHB Leonardo Ramírez 0-0: Called Strike
0-1: Foul Ball, location: 2F
0-2: Strikes out swinging
Pinch Hitting: RHB Logan Cole 0-0: Swinging Strike
0-1: Swinging Strike
0-2: Foul Ball, location: 2F
0-2: Ball
1-2: Strikes out swinging
Top of the 8th over - 0 run(s), 0 hit(s), 0 error(s), 0 left on base; South Beach 1 - Grim 1
BOTTOM OF THE 8TH
Grim Reapers batting - Pitching for South Beach Blaze : LHP Luis Torres
Pitching: RHP Sixto Palaeios
Now at 2B: Vincente Rotham
Now in LF: Leonardo Ramírez
Batting: RHB Vincent Klein 0-0: Ball
1-0: Foul Ball, location: 2F
1-1: Foul Ball, location: 2F
1-2: Foul Ball, location: 2F
1-2: Ball
2-2: Strikes out swinging
Batting: LHB Davis Anderson 0-0: Called Strike
0-1: Ground out 4-3 (Groundball, 4)
Batting: RHB Jorge López 0-0: Ball
1-0: Ball
2-0: SINGLE (Groundball, 5L)
Batting: RHB António Díaz 0-0: Called Strike
0-1: Ball
1-1: SINGLE (Flyball, 9LS)
Jorge López to second
Runner from 2nd tries for 3rd, SAFE, throw made to third
António Díaz to second
Pinch Hitting: RHB Javier Medine 0-0: Ground out 5-3 (Groundball, 5)
Bottom of the 8th over - 0 run(s), 2 hit(s), 0 error(s), 2 left on base; South Beach 1 - Grim 1
TOP OF THE 9TH
South Beach Blaze batting - Pitching for Grim Reapers : LHP Henry Vandenberg
Pitching: RHP Mike Desmond
Now in LF: Javier Medine
Batting: RHB Marcos Reyes 0-0: Swinging Strike
0-1: Swinging Strike
0-2: Ball
1-2: Foul Ball, location: 2F
1-2: Ball
2-2: Foul Ball, location: 2F
2-2: Strikes out swinging
Batting: LHB Tomás Mejía 0-0: Swinging Strike
0-1: Foul Ball, location: 2F
0-2: Ball
1-2: Strikes out swinging
Batting: LHB Carlos Medina 0-0: Fly out, F7 (Flyball, 78M)
Top of the 9th over - 0 run(s), 0 hit(s), 0 error(s), 0 left on base; South Beach 1 - Grim 1
BOTTOM OF THE 9TH
Grim Reapers batting - Pitching for South Beach Blaze : RHP Sixto Palaeios
Batting: RHB José Osorio 0-0: Ball
1-0: Ball
2-0: Ball
3-0: Called Strike
3-1: Base on Balls
Batting: LHB Edgardo Díaz 0-0: Ball
1-0: Sac Bunt - play at first, batter OUT! 1-3
José Osorio to second
Batting: RHB Alberto Rodríguez 0-0: Ball
1-0: Swinging Strike
1-1: Swinging Strike
1-2: Ball
2-2: Strikes out looking
Batting: RHB Víctor Hernández 0-0: Ball
1-0: Called Strike
1-1: Ball
2-1: Fly out, F9 (Flyball, 9M)
Bottom of the 9th over - 0 run(s), 0 hit(s), 0 error(s), 1 left on base; South Beach 1 - Grim 1
TOP OF THE 10TH
South Beach Blaze batting - Pitching for Grim Reapers : RHP Mike Desmond
Batting: LHB Chad Graves 0-0: Ball
1-0: Ball
2-0: SINGLE (Groundball, 34D)
Batting: RHB Gerjan de Best 0-0: Called Strike
Chad Graves steals 2nd base
0-1: Ball
1-1: Ball
2-1: Foul Ball, location: 2F
2-2: Ball
3-2: Strikes out swinging
Batting: SHB Javier Gonzáles 0-0: Ball
1-0: Ball
2-0: Foul Ball, location: 2F
2-1: Foul Ball, location: 2F
2-2: Foul Ball, location: 2F
2-2: Fly out, F9 (Line Drive, 9D)
Runner from 2nd tags up, SAFE at 3rd, no throw
Batting: RHB Gabriel Maldonado 0-0: Called Strike
0-1: Ball
1-1: Called Strike
1-2: Strikes out swinging
Top of the 10th over - 0 run(s), 1 hit(s), 0 error(s), 1 left on base; South Beach 1 - Grim 1
BOTTOM OF THE 10TH
Grim Reapers batting - Pitching for South Beach Blaze : RHP Sixto Palaeios
Batting: RHB Vincent Klein 0-0: Ground out 6-3 (Groundball, 6)
Batting: LHB Davis Anderson 0-0: Foul Ball, location: 2F
0-1: Swinging Strike
0-2: Ball
1-2: Strikes out swinging
Batting: RHB Jorge López 0-0: DOUBLE (Line Drive, 89D)
Batting: RHB António Díaz 0-0: Intentional Walk
Batting: RHB Javier Medine 0-0: Ball
1-0: SINGLE (Groundball, 6MD)
Jorge López to third
António Díaz to second
Runner from 3rd tries for Home, SAFE, throw made home
This league is powered by Out of the Park Baseball, the baseball management simulation game for PC, Mac and Linux
Friday, April 15th, 2016 - OOTP Baseball 16.9 Build 39